 Dungeon Crawl Stone Soup version 0.20-a0-555-gf6ae02d (webtiles) character file.

53 M4edhros the Charlatan (level 3, -2/23 HPs)
             Began as an Octopode Artificer on Feb 4, 2017.
             Slain by an orc
             ... wielding a +0 hand axe
              (4 damage)
             ... on level 3 of the Dungeon.
             The game lasted 00:01:25 (824 turns).

M4edhros the Charlatan (Octopode Artificer)          Turns: 824, Time: 00:01:25

Health: -2/23      AC:  1    Str: 11    XL:     3   Next: 89%
Magic:  5/5        EV: 13    Int: 13    God:
Gold:   38         SH:  0    Dex: 13    Spells: 2/2 levels left

rFire    . . .     SeeInvis .   a - +0 short sword
rCold    . . .     Gourm    .   (no shield)
rNeg     . . .     Faith    .   (helmet restricted)
rPois    .         Spirit   .   (no amulet)
rElec    .         Reflect  .   (no ring)
rCorr    .         Harm     .   (no ring)
MR       .....                  (no ring)
Stlth    +++.......             (no ring)
Regen    0.1/turn               (no ring)
                                (no ring)
                                (no ring)
                                (no ring)

@: no status effects
A: almost no armour, stealthy swim, amphibious, 8 rings, constrict 8, camouflage
1, gelatinous body 1
a: no special abilities


You were on level 3 of the Dungeon.
You were not hungry.

You visited 1 branch of the dungeon, and saw 3 of its levels.

You collected 38 gold pieces.

Inventory:

Hand Weapons
 a - a +0 short sword (weapon)
 i - a +1 hunting sling
 n - a +0 hand axe
Missiles
 g - 44 stones (quivered)
 j - 30 sling bullets
Jewellery
 h - an uncursed ring of flight {unknown}
Wands
 b - a wand of flame (14/48)
 c - a wand of enslavement (14/24)
 d - a wand of random effects (14/48)
Scrolls
 e - a scroll of recharging {unknown}
Potions
 k - a potion of haste {unknown}
 m - a potion of curing {unknown}
Comestibles
 f - a bread ration
 l - a meat ration


   Skills:
 - Level 1.0 Fighting
 - Level 1.0 Short Blades
 * Level 2.7 Slings
 - Level 2.0 Dodging
 + Level 3.0 Stealth
 - Level 3.2 Evocations


You had 2 spell levels left.
You didn't know any spells.

Dungeon Overview and Level Annotations

Branches:
Dungeon (3/15)

Altars:

Annotations:
D:2 Natasha


Innate Abilities, Weirdness & Mutations

You cannot wear most types of armour.
You are very stealthy in the water. (Stealth+)
You are amphibious.
You can wear up to eight rings at the same time.
You can use your tentacles to constrict eight enemies at once.
Your skin changes colour to match your surroundings (Stealth+).
Your rubbery body absorbs attacks. (AC +1, EV +1)


Message History

The orc priest hits you with a short sword.
* * * LOW HITPOINT WARNING * * *
Evoke which item? (* to show all) (? for menu, Esc to quit)
Aiming: Throw Flame
Press: ? - help, Shift-Dir - straight line, f - orc priest
Aim: an orc priest, wielding a short sword (heavily wounded, constricted by you)
The puff of flame hits the orc priest.
The orc priest is almost dead.
This wand has 14 charges left.
You constrict the orc priest.
You kill the orc priest!
Your Stealth skill increases to level 3!
The orc hits you with a hand axe.
* * * LOW HITPOINT WARNING * * *
Evoke which item? (* to show all) (? for menu, Esc to quit)
Aiming: Enslavement
Press: ? - help, Shift-Dir - straight line, f - orc
Aim: an orc, wielding a hand axe and wearing a chain mail (chance to defeat MR: 72%)
The orc struggles to resist.
This wand has 14 charges left.
The orc hits you with a hand axe.
You die...

#o.# ... ..# # ... #.#
#.# #.... #.####.#.####
#$##...#....#
#)#.....###.#
#.@o.....##.#
...###.........#.#######
................#.##....#
#.%.###..............##.#
## ##.......##.#####..
##.....###.# ### ##...##
#.# .......## #.#
######.# #.#


You could see an orc.

Vanquished Creatures
  An orc priest (D:3)
  An adder (D:2)
  A dart slug (D:1)
  A leopard gecko (D:2)
  3 orcs (D:3)
  A hobgoblin (D:1)
  A bat (D:3)
  2 rats (D:1)
11 creatures vanquished.

Notes
Turn   | Place    | Note
-------+----------+-------------------------------------------
     0 | D:1      | M4edhros the Octopode Artificer began the quest for the Orb.
     0 | D:1      | Reached XP level 1. HP: 13/13 MP: 3/3
   373 | D:2      | Reached skill level 1 in Slings
   373 | D:2      | Reached XP level 2. HP: 15/18 MP: 4/4
   569 | D:2      | Noticed Natasha
   818 | D:3      | Reached XP level 3. HP: 19/23 MP: 5/5
   824 | D:3      | Slain by an orc

Vault maps used:
D:1:      dpeg_arrival_stone_temple_mockup, minmay_misc_feat_room,
          dk_noncrumbling_3
D:2:      first_bread, minmay_cupped, uniq_natasha
D:3:      kiku_gazebo_pond_becter

Skill      XL: |  1  2  3 |
---------------+----------+-----
Slings         | 1 2 |  2.7
Stealth        | 2 3 |  3.0
Fighting       | |  1.0
Short Blades   | |  1.0
Dodging        | |  2.0
Evocations     | |  3.2

Action                   || total
-------------------------++-------
Melee: Short sword       ||    32
       Constrict         ||    10
       Tentacles         ||     7
Evoke: Wand              ||     3
  Use: Scroll            ||     2
 Stab: Sleeping          ||     1
       Confused          ||     1
Dodge: Dodged            ||    21
